 Dungeon Sprint DCSS version 0.25.1-2-g60ff931df9 (webtiles) character file.

Game seed: 1568178226355879364

15246 listentometal the Wrestler (level 11, -1/125 (126) HPs)
             Began as a Troll Berserker on Oct 21, 2020.
             Was the Champion of Trog.
             Engulfed by a cloud of steam (9 damage)
             ... in the Dungeon (Sprint I: "Red Sonja").
             The game lasted 00:09:08 (1423 turns).

listentometal the Wrestler (Troll Berserker)        Turns: 1423, Time: 00:09:09

HP:   -1/125 (126)  AC:  9    Str: 29    XL:     11   Next: 99%
MP:   10/10         EV: 11    Int:  3    God:    Trog [******]
Gold: 906           SH:  4    Dex:  8    Spells: 10/10 levels left

rFire    . . .     SeeInvis .     - Unarmed
rCold    . . .     Gourm    +   (no shield)
rNeg     . . .     Faith    .   m - +1 troll leather armour
rPois    .         Spirit   .   r - +2 hat
rElec    .         Reflect  .   (no cloak)
rCorr    .         Harm     .   (gloves unavailable)
MR       ++...     NoTele   +   (boots unavailable)
Stlth    ++........             (no amulet)
HPRegen  2.10/turn              j - ring of stealth
MPRegen  0.12/turn              (no ring)

@: regenerating
A: large, unfitting armour, claws 3, large bone plates 1, clumsy 1, deformed
body, fast metabolism 3, gourmand, regeneration 1, shaggy fur 1, tough skin 3
a: Berserk, Trog's Hand, Brothers in Arms, Renounce Religion


You were in the Dungeon.
You worshipped Trog.
Trog was exalted by your worship.
You were full.

You visited 1 branch You collected 1717 gold pieces.
You spent 811 gold pieces at shops.

Inventory:

Missiles
 a - 10 curare-tipped darts (quivered)
Armour
 m - a +1 troll leather armour (worn)
 q - the +1 robe of the Eternal Void {rCorr}
   (You bought it in a shop in the Dungeon)

   It provides partial protection from all sources of acid and corrosion.
 r - a +2 hat (worn)
Jewellery
 j - a ring of stealth (left claw)
Wands
 k - a wand of disintegration (5)
 o - a wand of flame (15)
Scrolls
 h - 2 scrolls of blinking
 l - a scroll of vulnerability
Potions
 c - 3 potions of curing
 d - 3 potions of heal wounds
 e - a potion of haste
 f - 2 potions of magic
 g - a potion of berserk rage
 n - 3 potions of stabbing
 s - a potion of ambrosia
 u - a potion of invisibility
 w - 2 potions of cancellation
Miscellaneous
 p - a phantom mirror
Comestibles
 b - 5 rations


   Skills:
 + Level 12.8 Fighting
 - Level 5.0 Armour
 - Level 6.4 Dodging
 * Level 22.7 Unarmed Combat


You had 10 spell levels left.
You didn't know any spells.
Your spell library was empty.

Dungeon Overview and Level Annotations

Branches:
Dungeon (1/1)

Altars:
Cheibriados
Dithmenos
Elyvilon
Fedhas
Gozag
Hepliaklqana
Kikubaaqudgha
Makhleb
Nemelex Xobeh
Okawaru
Qazlal
Ru
Sif Muna
Trog
Uskayaw
Vehumet
Wu Jian
Xom
Yredelemnul
Zin
The Shining One
Jiyva
Lugonu

Shops:
D [::*(*:??::*!(![[=?[(


Innate Abilities, Weirdness & Mutations

You are too large for most types of armour.
You have claws for hands.
Your metabolism is lightning-fast.
You like to eat raw meat.
Your natural rate of healing is unusually fast.
You are covered in fur. (AC +1)
You have extremely tough skin. (AC +3)
You are partially covered in large bone plates. (SH +4)
You are clumsy. (Dex -2)
Armour fits poorly on your strangely shaped body.


Message History

You are engulfed in a cloud of scalding steam.
* * * LOW HITPOINT WARNING * * *
You are engulfed in a cloud of scalding steam.
* * * LOW HITPOINT WARNING * * *
You are engulfed in a cloud of scalding steam.
* * * LOW HITPOINT WARNING * * *
Your skin crawls.
You feel resistant to hostile enchantments.
You feel quite a bit less full.
You are engulfed in a cloud of scalding steam.
* * * LOW HITPOINT WARNING * * *
Unknown command.
Unknown command.
You open the door.
You are engulfed in a cloud of scalding steam.
Found a scroll labeled LINAT LOEMECSIGAACK.
Unknown command.
Unknown command.
You are engulfed in a cloud of scalding steam.
You die...

##################**********
.§.§.§'..#^^§...§#,,,,,,,,,*
..§§§##..§§§#§§§§##,,,,,,,,*
#.§§#######+#§§§§§#****,,,,*
###'#,($##,,#§§§§§#,,,*,,,,*
*,#§##$$$#,,##§§§§#,∩,*,,,,*
**#..###$#,,≈###@##,,,*,,,,*
,,##.#A#$#,,≈,,#§#***+*,,,,*
,,#..###$#,,≈,*#+#,,,,**,,,*
+*#.##..$#,,≈**,,,,,,,,**,,*
**#..#+###,,≈*,,,,,,,,,,*,,*
,*##...#,≈,,**,^,^^,,,,,**,*
,*,###.#,≈,,*,,,,,,,,,,,,*,*
,,,,,#)#**,,*,,,,,,,,,,,,*,*
,,,,,#.#,+,,**,,,,,,,,^,**,*


There were no monsters in sight!

Vanquished Creatures
  A hydra (D)
  2 centaur warriors (D)
  Sonja (D)
  A deep troll (D)
  7 unseen horrors (D)
  A lindwurm (D)
  An oklob plant (D)
  A gargoyle (D)
  2 kobold demonologists (D)
  4 demonic crawlers (D)
  A hornet (D)
  A slime creature (D)
  Sigmund (D)
  2 redbacks (D)
  13 hogs (D)
  A yak (D)
  3 floating eyes (D)
  7 necrophages (D)
  An ogre (D)
  8 jellies (D)
  Ijyb (D)
60 creatures vanquished.

Vanquished Creatures (collateral kills)
  8 shining eyes (D)
  4 floating eyes (D)
12 creatures vanquished.

Vanquished Creatures (others)
  A gargoyle (D)
  2 ballistomycete spores (D)
3 creatures vanquished.

Grand Total: 75 creatures vanquished

Notes
Turn   | Place    | Note
-------+----------+-------------------------------------------
     0 | D        | listentometal the Troll Berserker began the quest for the
                  | Orb.
     0 | D        | Reached XP level 1. HP: 22/22 MP: 0/0
     1 | D        | Noticed Ijyb
     6 | D        | Killed Ijyb
     6 | D        | Reached skill level 6 in Unarmed Combat
     6 | D        | Reached XP level 2. HP: 29/29 MP: 1/1
     9 | D        | Noticed an ogre
    13 | D        | Killed an ogre
    13 | D        | Reached skill level 9 in Unarmed Combat
    13 | D        | Reached XP level 3. HP: 36/36 MP: 2/2
    13 | D        | Reached XP level 4. HP: 44/44 MP: 3/3
    61 | D        | Noticed Sigmund
    64 | D        | Killed Sigmund
    64 | D        | Reached ** piety under Trog
    64 | D        | Reached skill level 12 in Unarmed Combat
    64 | D        | Reached XP level 5. HP: 41/50 MP: 4/4
    80 | D        | Found a burning altar of Makhleb.
    80 | D        | Found a viscous altar of Jiyva.
    80 | D        | Found a shimmering altar of Xom.
    80 | D        | Found a corrupted altar of Lugonu.
    80 | D        | Noticed a slime creature
    91 | D        | Killed a slime creature
    91 | D        | Reached skill level 14 in Unarmed Combat
    91 | D        | Reached XP level 6. HP: 39/59 MP: 5/5
   125 | D        | Noticed a kobold demonologist
   125 | D        | Noticed a floating eye
   127 | D        | Noticed a kobold demonologist
   130 | D        | Killed a floating eye
   130 | D        | Reached XP level 7. HP: 67/67 MP: 6/6
   132 | D        | Noticed a sun demon
   133 | D        | Killed a kobold demonologist
   133 | D        | Reached *** piety under Trog
   133 | D        | Reached skill level 15 in Unarmed Combat
   136 | D        | Killed a kobold demonologist
   136 | D        | Reached skill level 5 in Fighting
   136 | D        | Reached skill level 5 in Dodging
   136 | D        | Reached XP level 8. HP: 80/80 MP: 7/7
   167 | D        | Found a shimmering blue altar of Sif Muna.
   168 | D        | Found an ornate altar of the Wu Jian Council.
   169 | D        | Found a radiant altar of Vehumet.
   171 | D        | Reached **** piety under Trog
   198 | D        | Found Taffirch's Assorted Antiques.
   198 | D        | Found an ancient bone altar of Kikubaaqudgha.
   198 | D        | Found a hazy altar of Hepliaklqana.
   198 | D        | Found a hide-covered altar of Uskayaw.
   198 | D        | Found a basalt altar of Yredelemnul.
   198 | D        | Found an opulent altar of Gozag.
   198 | D        | Found a snail-covered altar of Cheibriados.
   198 | D        | Found a sacrificial altar of Ru.
   198 | D        | Found a shadowy altar of Dithmenos.
   202 | D        | Found a stormy altar of Qazlal.
   202 | D        | Found a blossoming altar of Fedhas.
   202 | D        | Found a bloodstained altar of Trog.
   202 | D        | Found an iron altar of Okawaru.
   202 | D        | Found a glowing golden altar of the Shining One.
   202 | D        | Found a glowing silver altar of Zin.
   202 | D        | Found a white marble altar of Elyvilon.
   205 | D        | Found a sparkling altar of Nemelex Xobeh.
   223 | D        | Noticed a centaur warrior
   223 | D        | Noticed a centaur warrior
   230 | D        | Killed a centaur warrior
   230 | D        | Reached skill level 16 in Unarmed Combat
   235 | D        | Killed a centaur warrior
   235 | D        | Reached skill level 17 in Unarmed Combat
   235 | D        | Reached XP level 9. HP: 93/93 MP: 8/8
   269 | D        | Noticed a deep troll
   273 | D        | Killed a deep troll
   273 | D        | Reached skill level 18 in Unarmed Combat
   303 | D        | Found Qiat's Armour Emporium.
   324 | D        | Reached ***** piety under Trog
   324 | D        | Reached skill level 1 in Armour
   340 | D        | Noticed an oklob plant
   346 | D        | Killed an oklob plant
   365 | D        | Noticed Sonja
   371 | D        | Killed Sonja
   371 | D        | Reached XP level 10. HP: 102/106 MP: 9/9
   422 | D        | Found Voluhomma's Armour Boutique.
   493 | D        | Killed an unseen horror
   493 | D        | Reached skill level 19 in Unarmed Combat
   504 | D        | Killed an unseen horror
   504 | D        | Received a gift from Trog
   556 | D        | Reached skill level 5 in Armour
   592 | D        | Received a gift from Trog
   623 | D        | Reached ****** piety under Trog
   654 | D        | Reached skill level 10 in Fighting
   656 | D        | Received a gift from Trog
   686 | D        | Found Akid's Magic Scroll Shoppe.
   686 | D        | Found Ilury's Book Shop.
   686 | D        | Found Diusk's Magic Scroll Boutique.
   688 | D        | Found Yther's Book Emporium.
   688 | D        | Found Lomau's Book Shop.
   688 | D        | Found Qoutygof's General Store.
   688 | D        | Found Wiak's Distillery.
   688 | D        | Found Buup's Weapon Emporium.
   688 | D        | Found Ciav Qycaun's Distillery.
   688 | D        | Found Urukk's Armour Shoppe.
   692 | D        | Found Urhuygh's Antique Armour Boutique.
   695 | D        | Found Adgheatoh's Magic Scroll Emporium.
   695 | D        | Found Goitroumm's Jewellery Boutique.
   696 | D        | Found Burgh's Antique Weapon Emporium.
   703 | D        | Bought a scroll of blinking for 75 gold pieces
   707 | D        | Bought a fine robe for 119 gold pieces
   708 | D        | Bought a +2 hat for 208 gold pieces
   723 | D        | Identified the +1 robe of the Eternal Void {rCorr} (You
                  | bought it in a shop in the Dungeon)
   780 | D        | Noticed a shining eye
   780 | D        | Noticed a shining eye
   780 | D        | Noticed a shining eye
   782 | D        | Paralysed by a floating eye for 2 turns
   782 | D        | Killed a shining eye
   783 | D        | Killed a shining eye
   783 | D        | Reached skill level 20 in Unarmed Combat
   783 | D        | Noticed a shining eye
   783 | D        | Noticed a shining eye
   785 | D        | Killed a shining eye
   786 | D        | Noticed a shining eye
   786 | D        | Killed a shining eye
   787 | D        | Gained mutation: You are partially covered in large bone
                  | plates. (SH +4) [a shining eye]
   787 | D        | Paralysed by a floating eye for 2 turns
   788 | D        | Noticed a shining eye
   789 | D        | Noticed a shining eye
   789 | D        | Killed a shining eye
   789 | D        | Reached XP level 11. HP: 118/118 MP: 10/10
   789 | D        | Gained mutation: Armour fits poorly on your strangely
                  | shaped body. [a shining eye]
   790 | D        | Killed a shining eye
   790 | D        | Gained mutation: You are clumsy. (Dex -2) [a shining eye]
   794 | D        | Killed a shining eye
   795 | D        | Killed a shining eye
   795 | D        | Received a gift from Trog
   802 | D        | Found Ihao's Book Shoppe.
   802 | D        | Found Katol's Weapon Shop.
   802 | D        | Found Ufapel's Book Emporium.
   802 | D        | Found Vetun's Assorted Antiques.
   816 | D        | Bought a scroll labeled SOUTTE GIOTT for 17 gold pieces
   816 | D        | Bought a sapphire potion for 15 gold pieces
   819 | D        | Bought a scroll labeled LEQEPLE RONT for 17 gold pieces
   819 | D        | Bought 3 orange potions for 45 gold pieces
   819 | D        | Bought an iron wand for 68 gold pieces
   820 | D        | Bought a scroll labeled TYOPIE POMOU for 17 gold pieces
   820 | D        | Bought a scroll labeled WOBROI NATWA for 17 gold pieces
   820 | D        | Bought a scroll of identify for 34 gold pieces
   923 | D        | Noticed a lindwurm
   924 | D        | Killed a lindwurm
   924 | D        | Reached skill level 21 in Unarmed Combat
   959 | D        | Received a gift from Trog
   984 | D        | Received a gift from Trog
  1057 | D        | Bought a scroll of identify for 20 gold pieces
  1057 | D        | Bought a scroll of identify for 20 gold pieces
  1105 | D        | Bought a silvery potion for 22 gold pieces
  1105 | D        | Bought a golden potion for 22 gold pieces
  1105 | D        | Bought 2 green potions for 45 gold pieces
  1105 | D        | Bought a scroll of identify for 50 gold pieces
  1150 | D        | Noticed a daeva
  1153 | D        | Noticed an unseen horror
  1155 | D        | Noticed an unseen horror
  1159 | D        | Killed an unseen horror
  1161 | D        | Killed an unseen horror
  1161 | D        | Reached skill level 22 in Unarmed Combat
  1169 | D        | Noticed an unseen horror
  1170 | D        | Killed an unseen horror
  1203 | D        | Noticed an unseen horror
  1204 | D        | Killed an unseen horror
  1213 | D        | Killed an unseen horror
  1213 | D        | Received a gift from Trog
  1315 | D        | Noticed a 12-headed hydra
  1316 | D        | Paralysed by a floating eye for 3 turns
  1320 | D        | Killed a 13-headed hydra
  1421 | D        | HP: 4/125 [something (8)]
  1423 | D        | Engulfed by a cloud of steam

Illustrated notes

Levels and vault maps discovered:
D:        dungeon_sprint_1 [red_sonja_temple_1, red_sonja_temple_small_1]

Skill      XL: |  1  2  3  4  5  6  7  8  9 10 11 |
---------------+----------------------------------+-----
Unarmed Combat | 6 9 12 14 15 17 18 20 22 | 22.7
Fighting       | 3 5 7 8 10 12 | 12.8
Dodging        | 3 5 6 |  6.4
Armour         | 3 5 |  5.0

Action                   |  1- 3 |  4- 6 |  7- 9 | 10-12 || total
-------------------------+-------+-------+-------+-------++-------
Melee: Unarmed           |     7 |    10 |    32 |   104 ||   153
       Punch             |       |       |     2 |    13 ||    15
Invok: Berserk           |     1 |     1 |     2 |     2 ||     6
       Trog's Hand       |       |     1 |     1 |     2 ||     4
       Brothers in Arms  |       |       |       |     3 ||     3
Evoke: Wand              |       |       |       |     2 ||     2
  Use: Scroll            |       |       |       |    11 ||    11
 Stab: Sleeping          |       |     1 |       |       ||     1
  Eat: Chunk             |       |     6 |     8 |     9 ||    23
Armor: Animal skin       |       |     2 |     3 |       ||     5
       Troll leather arm |       |       |     2 |    57 ||    59
Dodge: Dodged            |     3 |     1 |    13 |    20 ||    37
Block: Other             |       |       |       |     8 ||     8
